 Dungeon Crawl Stone Soup version 0.31-a0-232-gb1c03b2570 (webtiles) character file.

Game seed: 1386287593221908431

466 qw the Shooter (level 6, -1/52 HPs)
             Began as a Minotaur Hexslinger on July 7, 2023.
             Slain by Duvessa
             ... wielding a +0 short sword
              (4 damage)
             ... on level 4 of the Dungeon.
             The game lasted 00:01:15 (2813 turns).

qw the Shooter (Minotaur Hexslinger)                Turns: 2813, Time: 00:01:15

Health: -1/52      AC:  5    Str: 12    XL:     6   Next: 81%
Magic:  6/6        EV: 11    Int: 10    God:
Gold:   150        SH:  0    Dex: 21    Spells: 6/7 levels left

rFire   . . .        Y - +3 sling (drain)
rCold   . . .        (no shield)
rNeg    . . .        b - +0 ring mail
rPois   .            (helmet restricted)
rElec   .            (no cloak)
rCorr   .            (no gloves)
SInv    .            (no boots)
Will    .....        (no amulet)
Stlth   +            g - +6 ring of dexterity
HPRegen 0.28/turn    (no ring)
MPRegen 0.10/turn

%: no passive effects
@: lethally poisoned (-1 -> -2)
A: horns 2, retaliatory headbutt
a: no special abilities


You were on level 4 of the Dungeon.
You visited 1 branch of the dungeon, and saw 4 of its levels.

You collected 150 gold pieces.


Innate Abilities, Weirdness & Mutations

You have a pair of horns on your head.
You reflexively headbutt those who attack you in melee.


   Skills:
 - Level 4.1 Fighting
 - Level 7.1 Ranged Weapons
 - Level 1.0 Armour
 + Level 2.1 Dodging
 - Level 1.0 Spellcasting
 - Level 2.0 Hexes


You had 6 spell levels left.
You knew the following spells:

 Your Spells              Type           Power      Damage    Failure   Level
a - Slow                  Hex            16%        N/A       34%         1

Your spell library contained the following spells:

 Spells                   Type           Power      Damage    Failure   Level
 Inner Flame              Hex/Fire       2%         N/A       83%         3
 Portal Projectile        Hex/Tloc       4%         N/A       83%         3
 Cause Fear               Hex            2%         N/A       98%         4

Inventory:

Hand Weapons
 Y - a +3 sling of draining (weapon)
Armour
 b - a +0 ring mail (worn)
Jewellery
 g - a +6 ring of dexterity (left hand)
Scrolls
 a - 3 scrolls of identify
 e - 3 scrolls of teleportation
 i - a scroll of summoning {unknown}
 l - a scroll of blinking {unknown}
Potions
 c - a potion of lignification {unknown}
 d - a potion of heal wounds
 f - a potion of ambrosia {unknown}
 h - a potion of magic {unknown}
 j - a potion of cancellation {unknown}
 k - 2 potions of curing {unknown}

Dungeon Overview and Level Annotations

Branches:
Dungeon (4/15)
 Temple: D:4-7

Altars:
Cheibriados
Vehumet

Annotations:
D:3 2 transporters, qw's ghost, amateur MiHs
D:4 Duvessa


Message History

You drain the scorpion.
You kill the scorpion!
Something hits you.
You shoot a sling bullet. Something hits you but does no damage.
You shoot a sling bullet. The sling bullet hits Dowan.
Dowan is moderately wounded.
Something hits you.
Dowan hits you with a +3 dagger of venom.
You shoot a sling bullet.
The sling bullet completely misses Dowan.
Something hits you but does no damage.
Dowan smirks and points a slender finger.
Dowan closely misses you. You furiously retaliate!
You headbutt Dowan. Something hits you.
Dowan says, "Magic and the sword, together, will defeat you."
Dowan barely misses you.
You shoot a sling bullet. The sling bullet barely misses Dowan.
Something hits you. Dowan completely misses you. You furiously retaliate!
You headbutt Dowan! You shoot a sling bullet.
The sling bullet barely misses Dowan.
Something hits you. Dowan closely misses you.
You shoot a sling bullet. The sling bullet closely misses Dowan.
Something hits you.
Dowan hits you with a +3 dagger of venom.
You are poisoned.
You shoot a sling bullet. The sling bullet misses Dowan.
You feel very sick. Something hits you.
Dowan hits you with a +3 dagger of venom.
You shoot a sling bullet. The sling bullet hits Dowan!
You drain Dowan.
You kill Dowan!
Something shouts wrathfully, "No!"
You feel sick. Something hits you. Something hits you but does no damage.
Your Ranged Weapons skill increases to level 7!
You shoot a sling bullet.
You feel sick. Something hits you! Something hits you.
You shoot a sling bullet.
You feel sick. Something hits you.
You die...

###..## ##...## .....#
##....# #.....##.....#
......# #..##....#
......## #...###.###
.......##....##..#
............###.## ...
....#.......##..# ...
..###....#......## ...
.####....##.....@# .
.###..........##){....#
.............#
##....... .....####...#
#...... >..### #...#
..##.. #.#### #...#
..## . .###
#....####...## #...#
....
##.........<.####.....
..## #................#


There were no monsters in sight!

Vanquished Creatures
  A water moccasin (D:4)
  2 scorpions (D:4)
  Dowan (D:4)
  2 orc wizards (D:4)
  3 adders
  A worm (D:2)
  4 dart slugs
  15 orcs
  9 endoplasms
  3 giant cockroaches
  5 goblins
  10 hobgoblins
  6 quokkas
  7 ball pythons
  5 bats
  5 frilled lizards
  7 kobolds
  8 rats
94 creatures vanquished.

Notes
Turn   | Place    | Note
-------+----------+-------------------------------------------
     0 | D:1      | qw the Minotaur Hexslinger began the quest for the Orb.
     0 | D:1      | Reached XP level 1. HP: 16/16 MP: 1/1
     0 | D:1      | 0 ||| qw: Version: 0.3-a-46-gb1f654a
     0 | D:1      | 0 ||| qw: Game counter: 2389
     0 | D:1      | 0 ||| qw: Melee chars always use a shield: true
     0 | D:1      | 0 ||| qw: God list: Okawaru
     0 | D:1      | 0 ||| qw: Allow faded altars: false
     0 | D:1      | 0 ||| qw: Do Orc after clearing Dungeon:15 true
     0 | D:1      | 0 ||| qw: Do second Lair branch before Depths: true
     0 | D:1      | 0 ||| qw: Lair rune preference: random
     0 | D:1      | 0 ||| qw: Goals: Normal
     0 | D:1      | 0 ||| PLANNING D:1-11
    12 | D:1      | 12 ||| FLEEEEING.
    13 | D:1      | 13 ||| FLEEEEING.
   100 | D:1      | Reached skill level 3 in Ranged Weapons
   100 | D:1      | Reached XP level 2. HP: 12/23 MP: 2/2
   492 | D:1      | 492 ||| DROPPING ring of magical power.
   493 | D:1      | 493 ||| READING 2 scrolls labelled HULELE INGO.
   494 | D:1      | 494 ||| DRINKING 2 yellow potions.
   495 | D:1      | 495 ||| DROPPING scroll of poison.
   515 | D:2      | 515 ||| STAIRDANCE
   591 | D:2      | Reached XP level 3. HP: 29/29 MP: 3/3
   792 | D:2      | Reached skill level 4 in Ranged Weapons
   963 | D:2      | Found a faded altar of an unknown god.
  1011 | D:2      | Identified the +1 chain mail "Zioreg" {Int+6 Dex+3}
  1204 | D:2      | Reached XP level 4. HP: 36/36 MP: 4/4
  1298 | D:2      | 1298 ||| UPGRADING to +0 ring mail.
  1308 | D:2      | 1308 ||| DROPPING +0 robe.
  1309 | D:2      | 1309 ||| UPGRADING to +6 ring of dexterity.
  1310 | D:2      | 1310 ||| READING 2 scrolls labelled BAGYURUO WICU.
  1314 | D:2      | 1314 ||| READING scroll labelled GUECYBA QE GOI.
  1550 | D:3      | Found a snail-covered altar of Cheibriados.
  1634 | D:3      | Reached skill level 1 in Armour
  1647 | D:3      | 1647 ||| FLEEEEING.
  1684 | D:3      | 1684 ||| SWAPPING to +2 sling of draining.
  1685 | D:3      | 1685 ||| DROPPING +1 sling.
  1795 | D:3      | Found a transporter.
  1860 | D:3      | Identified the +7 hand axe of Disgust {drain, Fragile
                  | +Blink rF+ Will+}
  1904 | D:3      | Reached skill level 5 in Ranged Weapons
  1946 | D:3      | Noticed an ogre
  1946 | D:3      | Noticed qw's ghost (amateur MiHs)
  1946 | D:3      | Identified the +1 dire flail of the Supporting Spider
                  | {heavy, rPois rCorr Stlth-}
  1946 | D:3      | Noticed an ogre
  1954 | D:3      | Found a transporter.
  2156 | D:3      | 2156 ||| READING scroll labelled YSASHU RUUT.
  2230 | D:4      | Reached skill level 3 in Fighting
  2230 | D:4      | Reached XP level 5. HP: 44/45 MP: 5/5
  2247 | D:4      | Noticed a water moccasin
  2255 | D:4      | Killed a water moccasin
  2256 | D:4      | Reached skill level 6 in Ranged Weapons
  2256 | D:4      | Reached XP level 6. HP: 17/51 MP: 6/6
  2258 | D:4      | HP: 12/51 [poisoned by a water moccasin]
  2259 | D:4      | 2259 ||| READING 4 scrolls of teleportation.
  2260 | D:4      | 2260 ||| DRINKING 2 potions of heal wounds.
  2489 | D:4      | Found a radiant altar of Vehumet.
  2796 | D:4      | Noticed Duvessa
  2798 | D:4      | Noticed Dowan
  2811 | D:4      | Killed Dowan
  2812 | D:4      | Reached skill level 7 in Ranged Weapons
  2812 | D:4      | HP: 7/52 [something (7)]
  2813 | D:4      | HP: 3/52 [poisoned by Dowan]
  2813 | D:4      | Slain by Duvessa

Levels and vault maps discovered:
D:1:      lightli_iron_boxes, layout_rooms
D:2:      layout_basic, ebering_ecumenical_altar_hall
D:3:      layout_loops_cross, mainiacjoe_overflow_alcove_1,
          gammafunk_ghost_smash, minmay_quadrilaterals
D:4:      layout_layer_cave, bloody_trog, nicolae_vehumet_altar_sigil,
          corexii_corridor_pit, uniq_duvessa

Skill      XL: |  1  2  3  4  5  6 |
---------------+-------------------+-----
Ranged Weapons | 3 4 5 6 7 |  7.1
Fighting       | 2 3 4 |  4.1
Armour         | 1 |  1.0
Dodging        | |  2.1
Spellcasting   | |  1.0
Hexes          | |  2.0

Action                     |  1- 3 |  4- 6 || total
---------------------------+-------+-------++-------
   Fire: Sling             |   157 |   149 ||   306
    Use: Scroll            |     1 |     4 ||     5
         Potion            |     1 |     1 ||     2
 Armour: Robe              |    12 |       ||    12
         Ring mail         |       |    25 ||    25
  Dodge: Dodged            |    50 |    33 ||    83

Table legend:
 A = Non-vault XP
 B = Vault XP
 C = Vault XP percentage of total XP
 D = Non-vault monster count
 E = Vault monster count
 F = Vault count percentage of total count
                 A         B        C        D         E       F
            +---------+---------+-------+---------+---------+-------
      Total |     574 |      93 |  13.9 |      88 |       6 |   6.4
            +---------+---------+-------+---------+---------+-------
        D:1 |      37 |       0 |   0.0 |      24 |       0 |   0.0
        D:2 |      64 |       0 |   0.0 |      22 |       0 |   0.0
        D:3 |      54 |      24 |  30.8 |      24 |       5 |  17.2
        D:4 |     419 |      69 |  14.1 |      18 |       1 |   5.3
            +---------+---------+-------+---------+---------+-------
